 Dungeon Crawl Stone Soup version 0.30.0-30-g96aa6591b8 (webtiles) character file.

Game seed: 396366221657463075

23 monsoonserge the Magician (level 3, -5/25 HPs)
             Began as a Djinni Earth Elementalist on June 27, 2023.
             Slain by an orc
             ... wielding a +0 flail
              (8 damage)
             ... on level 2 of the Dungeon.
             The game lasted 00:03:43 (1177 turns).

monsoonserge the Magician (DjEE)                    Turns: 1177, Time: 00:03:43

Health: -5/25      AC:  3    Str:  7    XL:     3   Next: 10%
Gold:   98         EV: 11    Int: 18    God:
                   SH:  0    Dex: 13

rFire   + + .        l - +0 short sword
rCold   x . .        (no shield)
rNeg    . . .        n - +0 leather armour
rPois   ∞            (no helmet)
rElec   .            (no cloak)
rCorr   .            (no gloves)
SInv    .            (boots unavailable)
Will    .....        (no amulet)
Stlth   +            (no ring)
HPRegen 0.24/turn    (no ring)
MPRegen 0.00/turn

%: infuse magic (-6 HP)
@: confused, flying
A: sickness immunity, fire resistance 2, cold vulnerability 1, float, innate
caster, HP casting, extra vitality 1
a: no special abilities


You were on level 2 of the Dungeon.
You visited 1 branch of the dungeon, and saw 2 of its levels.

You collected 98 gold pieces.

Inventory:

Hand Weapons
 f - a +0 mace
 h - a +0 hand axe
 l - a +0 short sword (weapon)
Missiles
 d - a throwing net
Armour
 a - a +0 robe
 b - a +0 ring mail
 n - a +0 leather armour (worn)
Magical Staves
 c - a staff of air
Scrolls
 i - a scroll of blinking {unknown}
 k - a scroll of magic mapping {unknown}
 m - a scroll of identify {unknown}
Potions
 e - a potion of haste {unknown}
 g - a potion of might {unknown}
 j - a potion of attraction {unknown}
 o - a potion of curing {unknown}


   Skills:
 * Level 0.4 Armour
 + Level 2.3 Dodging
 + Level 1.6 Stealth
 * Level 3.0 Spellcasting


You knew the following spells:

 Your Spells              Type           Power      Damage    Failure   Level
a - Sandblast             Erth           26%        2d8       7%          1
b - Passwall              Tmut/Erth      10%        N/A       10%         2
c - Stone Arrow           Conj/Erth      26%        3d8       21%         3
d - Petrify               Tmut/Erth      13%        N/A       54%         4
e - Necrotise             Necr           52%        1d6       7%          1
Your spell library was empty.

Dungeon Overview and Level Annotations

Branches:
Dungeon (2/15)

Altars:

Shops:
D:1 (


Innate Abilities, Weirdness & Mutations

You are immune to sickness and miasma.
You are immune to poison.
Your flesh is very heat resistant. (rF++)
You are vulnerable to cold. (rC-)
You float through the air rather than walking.
You learn spells naturally, not from books.
Your magical power is your life essence.
You have superior vitality. (+4 MHP)


Message History

Your orc skeleton barely misses the orc priest.
Casting: Sandblast (safe; 7% risk of failure)
Confirm with . or Enter, or press ? or * to list all spells.
Aiming: Sandblast (safe; 7% risk of failure)
Press: ? - help, Shift-Dir - straight line, p - orc priest The blast of sand hits the orc wizard but does no damage.
The orc wizard is lightly wounded.
The orc wizard hits you but does no damage.
Your orc skeleton closely misses the orc priest.
The orc wizard casts a spell at you.
You are confused.
The orc priest hits you with a +0 dagger.
* * * LOW HITPOINT WARNING * * *
You're too confused to cast spells.
The orc wizard gestures at you while chanting.
The puff of flame hits you. You resist.
* * * LOW HITPOINT WARNING * * *
Your orc skeleton hits the orc priest but does no damage.
The orc priest hits you with a +0 dagger.
* * * LOW HITPOINT WARNING * * *
Unknown command.
Are you sure you want to stumble around while confused and next to your orc skeleton?
Okay, then.
Are you sure you want to stumble around while confused and next to your orc skeleton?
You bump into the rock wall.
The orc priest calls upon Beogh to heal the orc wizard.
The orc wizard's wounds heal themselves!
Your orc skeleton hits the orc priest but does no damage.
Unknown command.
Are you sure you want to stumble around while confused and next to your orc skeleton?
You hit the orc.
The orc is lightly wounded.
The orc completely misses you.
The orc wizard hits you but does no damage.
The orc priest hits you with a +0 dagger.
* * * LOW HITPOINT WARNING * * *
Unknown command.
Are you sure you want to stumble around while confused and next to your orc skeleton?
The orc attacks as you move away! The orc hits you with a +0 flail!
You die...

.
#.......#.##.##
#.#####.#.##.#
.# #.#.##.#
##### #.#.##.#
#...# #.#.##.#
## #.#.#
#.#.##.# ..
#.#.# #...##.#
#.#Z#.# #..# #.#
#).o@.###..# #.#
#..oo)†....# #.#
##....####.# #.#
#.#..####.###.#
#.###..........#
#. #.###########
. # ##


You could see an orc priest (ally target), an orc wizard, an orc and a friendly
orc skeleton.

Vanquished Creatures
  A dart slug (D:1)
  An orc (D:2)
  2 ball pythons
  An endoplasm (D:2)
  2 giant cockroaches
  2 goblins (D:2)
  A quokka (D:2)
  3 bats
  3 frilled lizards
  4 rats
20 creatures vanquished.

Notes
Turn   | Place    | Note
-------+----------+-------------------------------------------
     0 | D:1      | monsoonserge the Djinni Earth Elementalist began the quest
                  | for the Orb.
     0 | D:1      | monsoonserge set off with the following spells memorised:
                  | Sandblast, Passwall, Stone Arrow, Petrify.
     0 | D:1      | Reached XP level 1. HP: 15/15 MP: 0/0
    55 | D:1      | Found Oghac's Weapon Shoppe.
   393 | D:1      | Reached XP level 2. HP: 20/21 MP: 0/0
  1098 | D:2      | Reached skill level 3 in Spellcasting
  1104 | D:2      | Reached XP level 3. HP: 7/25 MP: 0/0
  1104 | D:2      | Learned a level 1 spell: Necrotise
  1177 | D:2      | Slain by an orc

Illustrated notes

Levels and vault maps discovered:
D:1:      elethiomel_arrival_fortress_basement, layout_loops_ring, serial_shops,
          shop_fountains
D:2:      layout_loops_ring, dk_noncrumbling_4

Skill      XL: |  1  2 |
---------------+-------+-----
Spellcasting   | 3 |  3.0
Armour         | |  0.4
Dodging        | |  2.3
Stealth        | |  1.6

Action                     || total
---------------------------++-------
  Melee: Short sword       ||     1
   Cast: Sandblast         ||    33
         Necrotise         ||     1
 Armour: Robe              ||     1
         Leather armour    ||     6
  Dodge: Dodged            ||    14
